 Dungeon Crawl Stone Soup version 0.24.1 (webtiles) character file.

Game seed: 9281635145812468924, levelgen mode: deterministic

644 Peloso the Shield-Bearer (level 7, 0/60 HPs)
             Began as a Minotaur Fighter on Apr 7, 2020.
             Was a Believer of Okawaru.
             Killed by nerve-wracking pain
             ... invoked by a shadow imp
              (12 damage)
             ... on level 5 of the Dungeon.
             The game lasted 00:08:35 (2932 turns).

Peloso the Shield-Bearer (Minotaur Fighter)         Turns: 2932, Time: 00:08:36

Health: 0/60       AC:  8    Str: 21    XL:     7   Next: 26%
Magic:  15/15      EV:  7    Int:  5    God:    Okawaru [**....]
Gold:   268        SH: 18    Dex: 11    Spells: 6/6 levels left

rFire    . . .     SeeInvis .   a - +1 long sword
rCold    . . .     Gourm    +   c - +3 large shield
rNeg     . . .     Faith    .   b - +0 scale mail
rPois    .         Spirit   .   (helmet restricted)
rElec    .         Reflect  .   (no cloak)
rCorr    .         Harm     .   v - +0 pair of gloves
MR       +....                  (no boots)
Stlth    ..........             e - amulet of the gourmand
HPRegen  0.20/turn              p - ring of protection from magic
MPRegen  0.14/turn              k - ring of magical power

@: no status effects
A: retaliatory headbutt, horns 2
a: Heroism, Renounce Religion


You were on level 5 of the Dungeon.
You worshipped Okawaru.
Okawaru was pleased with you.
You were full.

You visited 1 branch of the dungeon, and saw 5 of its levels.

You collected 268 gold pieces.

Inventory:

Hand Weapons
 a - a +1 long sword (weapon)
Armour
 b - a +0 scale mail (worn)
 c - a +3 large shield (worn)
 v - a +0 pair of gloves (worn)
Jewellery
 e - an amulet of the gourmand (around neck)
 h - an uncursed ring of wizardry
 k - a ring of magical power (right hand)
 p - a ring of protection from magic (left hand)
 r - an uncursed amulet of magic regeneration
Scrolls
 g - 3 scrolls of identify
Potions
 d - 4 potions of might
 j - a potion of flight
 s - a potion of brilliance
 u - a potion of ambrosia
 w - 2 potions of resistance {unknown}
Comestibles
 f - 5 rations
 i - 2 chunks of flesh


   Skills:
 + Level 4.7 Fighting
 + Level 6.0 Long Blades
 + Level 4.9 Armour
 + Level 2.4 Dodging
 + Level 1.1 Stealth
 + Level 6.1 Shields


You had 6 spell levels left.
You didn't know any spells.
Your spell library contained the following spells:

 Spells                   Type           Power        Failure   Level  Hunger
 Confusing Touch          Hex            #.....       100%        1    ##.....
 Confuse                  Hex            #.......     100%        3    ####...
 Gell's Gravitas          Tloc           #.........   100%        3    ####...
 Petrify                  Tmut/Erth      #.......     100%        4    #####..
 Metabolic Englaciation   Hex/Ice        #.........   100%        5    ######.
 Yara's Violent Unravell  Hex/Tmut       #.........   100%        5    ######.


Dungeon Overview and Level Annotations

Branches:
Dungeon (5/15)
 Temple: D:4-7

Altars:
Okawaru
Wu Jian


Innate Abilities, Weirdness & Mutations

You reflexively headbutt those who attack you in melee.
You have a pair of horns on your head.


Message History

You float gracefully downwards.
You now have 268 gold pieces (gained 11).
Found a ration.
d - 4 potions of might (gained 1)
Found 14 stones.
f - 5 rations (gained 1)
You see here 14 stones.
Okay, then.
Found a gilded ring.
A shadow imp comes into view.
The shadow imp shouts!
The shadow imp gestures at you. Pain shoots through your body!
* * * LOW HITPOINT WARNING * * *
A leopard gecko comes into view.
A hound comes into view.
The hound barks!
The shadow imp gestures at you. Pain shoots through your body!
You die...

...# #..#
######.....#
#...# #(###.###
######........
#=......#.....
#.###...######
#.#..........
#....########
..#####.......l..
.......@...######
...........#
.....5.....#
....h......#
...........#
...........#
...........#
...........#


You could see a hound, a shadow imp and a leopard gecko (wandering).

Vanquished Creatures
  Eustachio (D:4)
  An ice beast (D:4)
  An ogre (D:4)
  A centaur (D:5)
  A crimson imp (D:5)
  An orc priest (D:5)
  An orc wizard (D:5)
  A worker ant (D:5)
  4 adders
  An adder skeleton (D:5)
  A dart slug (D:1)
  3 leopard geckos
  17 orcs
  5 giant cockroaches
  9 goblins
  5 hobgoblins
  7 jackals
  A quokka (D:4)
  2 ball pythons
  7 bats
  5 frilled lizards
  4 kobolds
  8 rats
87 creatures vanquished.

Notes
Turn   | Place    | Note
-------+----------+-------------------------------------------
     0 | D:1      | Peloso the Minotaur Fighter began the quest for the Orb.
     0 | D:1      | Reached XP level 1. HP: 19/19 MP: 0/0
   169 | D:1      | Reached XP level 2. HP: 27/27 MP: 1/1
   585 | D:2      | Reached XP level 3. HP: 21/33 MP: 2/2
   665 | D:2      | Found an iron altar of Okawaru.
   690 | D:2      | Became a worshipper of Warmaster Okawaru
  1367 | D:3      | Reached XP level 4. HP: 40/40 MP: 3/3
  2065 | D:4      | Noticed Eustachio
  2082 | D:4      | Killed Eustachio
  2082 | D:4      | Reached * piety under Okawaru
  2082 | D:4      | Reached skill level 1 in Dodging
  2082 | D:4      | Reached skill level 5 in Shields
  2082 | D:4      | Reached XP level 5. HP: 11/47 MP: 4/4
  2377 | D:4      | Noticed an ice beast
  2392 | D:4      | Killed an ice beast
  2392 | D:4      | Reached skill level 5 in Long Blades
  2392 | D:4      | Reached skill level 1 in Stealth
  2392 | D:4      | Reached XP level 6. HP: 19/53 MP: 5/5
  2478 | D:4      | Found an ornate altar of the Wu Jian Council.
  2760 | D:5      | Entered Level 5 of the Dungeon
  2855 | D:5      | Reached ** piety under Okawaru
  2855 | D:5      | Reached XP level 7. HP: 37/60 MP: 6/6
  2932 | D:5      | Killed from afar by a shadow imp

Levels and vault maps discovered:
D:1:      minmay_arrival_solitary_statue, layout_basic
D:2:      layout_basic, lemuel_doored_altar
D:3:      layout_basic, first_ration
D:4:      layout_basic, lemuel_round_altar, uniq_eustachio
D:5:      layout_basic, nicolae_ossuary_entry_ruins, serial_shops, shop

Skill      XL: |  1  2  3  4  5  6  7 |
---------------+----------------------+-----
Shields        | 4 5 6 |  6.1
Armour         | 4 |  4.9
Long Blades    | 3 4 5 6 |  6.0
Fighting       | 4 |  4.7
Dodging        | 1 2 |  2.4
Stealth        | 1 |  1.1

Action                   |  1- 3 |  4- 6 |  7- 9 || total
-------------------------+-------+-------+-------++-------
Melee: Long sword        |    80 |   131 |    18 ||   229
       Headbutt          |    17 |    24 |     2 ||    43
Invok: Heroism           |       |     1 |     1 ||     2
  Use: Potion            |     2 |     3 |     1 ||     6
       Scroll            |       |     7 |       ||     7
 Stab: Distracted        |       |     1 |       ||     1
  Eat: Chunk             |     1 |    15 |       ||    16
Armor: Scale mail        |    54 |    52 |    11 ||   117
Dodge: Dodged            |    31 |    23 |     5 ||    59
Block: Shield            |    50 |       |       ||    50
       Large shield      |     5 |   129 |    31 ||   165
       Rpst.: Long sword |     9 |     7 |       ||    16
